 Dungeon Crawl Stone Soup version 0.27-a0-836-gfc908b8576 (webtiles) character file.

Game seed: 4652575974073054404

407 tilp the Skirmisher (level 6, -8/68 HPs)
             Began as an Ogre Warper on Apr 1, 2021.
             Mangled by an ogre
             ... wielding a +0 giant spiked club
              (20 damage)
             ... on level 4 of the Dungeon.
             The game lasted 00:14:04 (7382 turns).

tilp the Skirmisher (Ogre Warper)                   Turns: 7382, Time: 00:14:04

Health: -8/68      AC:  4    Str: 16    XL:     6   Next: 88%
Magic:  9/9        EV:  9    Int: 16    God:
Gold:   396        SH:  0    Dex:  8    Spells: 6/9 levels left

rFire    . . .     SeeInvis .   a - +1 mace
rCold    . . .     Faith    .   (no shield)
rNeg     + . .     Spirit   .   b - +1 robe
rPois    .         Reflect  .   (helmet restricted)
rElec    .         Harm     .   (no cloak)
rCorr    .         Rampage  .   (gloves unavailable)
Will     +....                  (boots unavailable)
Stlth    ++........             (no amulet)
HPRegen  0.21/turn              n - ring of willpower
MPRegen  0.11/turn              t - ring of positive energy

@: no status effects
A: large, unfitting armour, tough skin 1
a: no special abilities


You were on level 4 of the Dungeon.
You visited 1 branch of the dungeon, and saw 4 of its levels.
You also visited: Ossuary.

You collected 396 gold pieces.

Inventory:

Hand Weapons
 a - a +1 mace (weapon)
 p - a +0 flail
Missiles
 c - 100 stones (quivered)
 e - 3 boomerangs of dispersal
Armour
 b - a +1 robe (worn)
Jewellery
 n - a ring of willpower (left hand)
 t - a ring of positive energy (right hand)
Scrolls
 f - a scroll of enchant armour
 h - a scroll of enchant weapon
 j - 2 scrolls of fear
 l - a scroll of immolation {unknown}
 o - a scroll of noise {unknown}
 q - 2 scrolls of identify
 s - a scroll of teleportation
Potions
 d - 2 potions of might {unknown}
 g - a potion of resistance
 i - 2 potions of haste {unknown}
 k - 3 potions of curing {unknown}
 m - a potion of brilliance
 r - a potion of ambrosia {unknown}


   Skills:
 + Level 6.4 Fighting
 + Level 4.3 Maces & Flails
 - Level 1.0 Throwing
 - Level 2.1 Dodging
 - Level 2.0 Stealth
 - Level 2.4 Spellcasting
 - Level 2.6 Translocations


You had 6 spell levels left.
You knew the following spells:

 Your Spells              Type           Power      Damage    Failure   Level
a - Blink                 Tloc           N/A        N/A       10%         2
b - Apportation           Tloc           20%        N/A       7%          1

Your spell library contained the following spells:

 Spells                   Type           Power      Damage    Failure   Level
 Animate Skeleton         Necr           2%         N/A       21%         1
 Corona                   Hex            1%         N/A       21%         1
 Summon Small Mammal      Summ           4%         N/A       21%         1
 Gell's Gravitas          Tloc           5%         N/A       21%         3
 Lesser Beckoning         Tloc           5%         N/A       21%         3
 Teleport Other           Tloc           10%        N/A       21%         3
 Ensorcelled Hibernation  Hex/Ice        2%         N/A       30%         2
 Passwall                 Tmut/Erth      0%         N/A       30%         2
 Swiftness                Air            1%         N/A       30%         2
 Confusing Touch          Hex            1%         N/A       52%         3
 Dazzling Flash           Conj/Hex       2%         N/A       52%         3
 Tukima's Dance           Hex            1%         N/A       52%         3
 Passage of Golubria      Tloc           N/A        N/A       54%         4
 Manifold Assault         Tloc           10%        N/A       88%         5
 Lee's Rapid Deconstruct  Erth           0%         3d5*      99%         5
 Invisibility             Hex            1%         N/A       100%        6


Dungeon Overview and Level Annotations

Branches:
Dungeon (4/15)            Ossuary (visited)
 Temple: D:4-7

Altars:
Fedhas

Annotations:
D:3 exclusion: 3 gnolls


Innate Abilities, Weirdness & Mutations

You are too large for most types of armour.
You have tough skin. (AC +1)


Message History

Found a stone staircase leading up.
Found a robe.
There is a stone staircase leading up here.
There is a stone staircase leading up here.
q - 2 scrolls of identify (gained 1)
You see here a +0 robe.
The ogre shouts!
An ogre is nearby!
Unknown command.
Okay, then.
You see here a +0 dagger.
You throw a stone.
The stone hits the ogre but does no damage.
You hit the ogre but do no damage. The ogre barely misses you.
You sock the ogre!
The ogre is moderately wounded.
The ogre barely misses you.
You hit the ogre.
The ogre is heavily wounded.
The ogre hits you with a +0 giant spiked club!!
You barely miss the ogre.
The ogre is heavily wounded.
The ogre misses you.
You hit the ogre but do no damage.
The ogre is heavily wounded.
The ogre hits you with a +0 giant spiked club.
You hit the ogre.
The ogre is heavily wounded.
The ogre hits you with a +0 giant spiked club!
* * * LOW HITPOINT WARNING * * *
You barely miss the ogre.
The ogre is heavily wounded.
The ogre hits you with a +0 giant spiked club!
* * * LOW HITPOINT WARNING * * *
You hit the ogre but do no damage.
The ogre is heavily wounded.
You sock the ogre!
The ogre is severely wounded.
The ogre hits you with a +0 giant spiked club!!
You die...

##### ######### #...#
#.......# #### #...#
#.......# #..### #...#
#.......# ##....## # ####
#...# #.......###..##..####
...#
#...###...@O...............
...##
#..............##.####...##
....###...###...........#
###...
....>##..............####
#### ...#†......#.........#
# ##.###..)..#...#.....##
#.# #.#.#.......#....####
#.#
#.#.#.#...#.#..#....####
#.#
#.#<#....#..#.#####....####


You could see an ogre.

Vanquished Creatures
  A water moccasin zombie (D:3)
  A hound (D:4)
  Jessica (D:2)
  An iguana (D:3)
  8 mummies (Ossuary)
  5 adders
  A gnoll (D:4)
  3 worms
  4 dart slugs
  2 orcs (D:3)
  8 ball pythons
  8 endoplasms
  3 giant cockroaches
  A gnoll zombie (Ossuary)
  8 hobgoblins
  8 jackals
  4 quokkas
  3 bats (D:3)
  2 frilled lizards
  10 goblins
  3 hobgoblin zombies (Ossuary)
  5 kobolds
  3 kobold zombies (Ossuary)
  An orc zombie (Ossuary)
  10 rats
104 creatures vanquished.

Notes
Turn   | Place    | Note
-------+----------+-------------------------------------------
     0 | D:1      | tilp the Ogre Warper began the quest for the Orb.
     0 | D:1      | Reached XP level 1. HP: 22/22 MP: 3/3
   140 | D:1      | Reached skill level 3 in Fighting
   272 | D:1      | Reached XP level 2. HP: 23/31 MP: 5/5
   288 | D:1      | Learned a level 2 spell: Blink
   689 | D:1      | Reached skill level 4 in Fighting
  1405 | D:1      | Reached XP level 3. HP: 36/40 MP: 6/6
  2006 | D:2      | Reached skill level 5 in Fighting
  2038 | D:2      | You fall into a shaft and drop 1 floor!
  2369 | D:3      | Reached XP level 4. HP: 50/50 MP: 7/7
  2656 | D:3      | Reached skill level 6 in Fighting
  2832 | D:3      | Found a blossoming altar of Fedhas.
  3039 | D:2      | Noticed Jessica
  3048 | D:2      | Killed Jessica
  3049 | D:2      | Reached XP level 5. HP: 44/59 MP: 8/8
  3171 | D:2      | Reached skill level 1 in Stealth
  4381 | D:3      | Reached XP level 6. HP: 21/67 MP: 9/9
  4832 | D:3      | Learned a level 1 spell: Apportation
  5364 | D:4      | Found a sand-covered staircase.
  5372 | Ossuary  | Entered an ossuary
  6117 | Ossuary  | HP: 2/67 [mummy (16)]
  7382 | D:4      | Mangled by an ogre

Illustrated notes

Levels and vault maps discovered:
D:1:      giann_horns, layout_basic
D:2:      layout_basic, kennysheep_jessica_study
D:3:      minmay_octagon_keep, layout_loops_ring, fedhas_altar_1
D:4:      layout_rooms, nicolae_ossuary_entry_ruins

Skill      XL: |  1  2  3  4  5  6 |
---------------+-------------------+-----
Fighting       | 3 4 5 6 |  6.4
Maces & Flails | 2 3 4 |  4.3
Stealth        | 1 2 |  2.0
Throwing       | |  1.0
Dodging        | |  2.1
Spellcasting   | |  2.4
Translocations | |  2.6

Action                   |  1- 3 |  4- 6 || total
-------------------------+-------+-------++-------
Melee: Mace              |   142 |   315 ||   457
Throw: Stone             |     4 |    60 ||    64
       Boomerang         |       |     2 ||     2
 Cast: Blink             |       |     4 ||     4
  Use: Scroll            |       |    10 ||    10
       Potion            |       |     1 ||     1
 Stab: Distracted        |     1 |       ||     1
       Sleeping          |       |     2 ||     2
Armor: Robe              |    45 |    82 ||   127
Dodge: Dodged            |    65 |   158 ||   223

Table legend: (Time is in decaauts)
 A = Elapsed time spent in this place.
 B = Non-inter-level travel time spent in this place.
 C = Inter-level travel time spent in this place.
 D = Time resting spent in this place.
 E = Time spent auto-exploring this place.
 F = Levels seen in this place.
 G = Mean time per level.
                   A        B        C        D        E       F      G
               +--------+--------+--------+--------+--------+-----+--------+
         Total |   7507 |   7312 |    195 |   2042 |   3757 |   5 | 1501.4 |
       Dungeon |   6026 |   5831 |    195 |   1078 |   3581 |   4 | 1506.5 |
       Ossuary |   1481 |   1481 |      0 |    964 |    176 |   1 | 1481.0 |
               +--------+--------+--------+--------+--------+-----+--------+

Top non-repeatable levels by time:
     D:3: 2045 daAuts
     D:1: 2008 daAuts
 Ossuary: 1481 daAuts
     D:2: 1208 daAuts
     D:4: 764 daAuts
